 Dungeon Crawl Stone Soup version 0.23.2-1-ga50397a6bc (webtiles) character file.

Game seed: 12904710726284217533

178 Lysie the Firebug (level 5, -2/38 HPs)
             Began as a Hill Orc Fire Elementalist on May 14, 2019.
             Was an Initiate of Vehumet.
             Slain by an ogre
             ... wielding a +0 giant club
              (30 damage)
             ... on level 4 of the Dungeon.
             The game lasted 00:16:32 (4913 turns).

Lysie the Firebug (Hill Orc Fire Elementalist)      Turns: 4913, Time: 00:16:33

Health: -2/38      AC:  3    Str: 11    XL:     5   Next: 58%
Magic:  6/7        EV: 12    Int: 16    God:    Vehumet [......]
Gold:   151        SH:  0    Dex: 11    Spells: 4/7 levels left

rFire    . . .     SeeInvis .   i - +0 dagger
rCold    . . .     Gourm    .   (no shield)
rNeg     + . .     Faith    .   a - +1 robe
rPois    .         Spirit   .   (no helmet)
rElec    .         Reflect  .   (no cloak)
rCorr    +         Harm     .   (no gloves)
MR       .....                  (no boots)
Stlth    ++........             (no amulet)
HPRegen  0.12/turn              k - ring of positive energy
MPRegen  0.10/turn              s - ring of resist corrosion

@: no status effects
A: no striking features
a: Renounce Religion


You were on level 4 of the Dungeon.
You worshipped Vehumet.
Vehumet was noncommittal.
You were not hungry.

You visited 2 branches of the dungeon, and saw 6 of its levels.

You collected 151 gold pieces.

Inventory:

Hand Weapons
 b - a +0 whip
 g - a +1 antimagic dagger
 i - a +0 dagger (weapon)
Missiles
 t - 7 poisoned needles
Armour
 a - a +1 robe (worn)
Jewellery
 k - a ring of positive energy (left hand)
 s - a ring of resist corrosion (right hand)
Wands
 h - a wand of flame (18)
Scrolls
 d - a scroll of enchant weapon {unknown}
 e - 3 scrolls of enchant armour
 j - a scroll of magic mapping {unknown}
 l - a scroll of teleportation {unknown}
 m - a scroll of noise {unknown}
 p - a scroll of remove curse {unknown}
 u - a scroll of immolation {unknown}
Potions
 f - a potion of flight {unknown}
 n - a potion of heal wounds {unknown}
 o - a potion of haste {unknown}
 q - a potion of might


   Skills:
 - Level 1.5 Dodging
 - Level 1.5 Stealth
 - Level 1.5 Spellcasting
 + Level 3.7 Conjurations
 + Level 5.2 Fire Magic


You had 4 spell levels left.
You knew the following spells:

 Your Spells              Type           Power        Failure   Level  Hunger
a - Flame Tongue          Conj/Fire      ###..        3%          1    ##.....
b - Throw Flame           Conj/Fire      ###...       5%          2    ###....

Your spell library contained the following spells:

 Spells                   Type           Power        Failure   Level  Hunger
 Conjure Flame            Conj/Fire      ###.....     11%         3    ####...
 Throw Frost              Conj/Ice       #.....       16%         2    ###....
 Freeze                   Ice            #...         22%         1    ##.....
 Inner Flame              Hex/Fire       #.......     22%         3    ####...
 Sticky Flame             Conj/Fire      ###.....     34%         4    #####..
 Ozocubu's Armour         Chrm/Ice       #.......     54%         3    ####...
 Throw Icicle             Conj/Ice       #.......     69%         4    #####..
 Summon Ice Beast         Ice/Summ       #.......     91%         4    #####..
 Fireball                 Conj/Fire      ###.......   67%         5    ######.


Dungeon Overview and Level Annotations

Branches:
Dungeon (5/15)             Temple (1/1) D:4

Altars:
Cheibriados
Dithmenos
Elyvilon
Fedhas
Kikubaaqudgha
Nemelex Xobeh
Okawaru
Qazlal
Vehumet
Zin

Shops:
D:4 (


Message History

Vehumet accepts your kill.
No target in view!
You start resting.
A jackal comes into view.
The jackal moves out of view.
You climb upwards.
The ogre hits you with a +0 giant club. The ogre hits you with a +0 giant club!
There is a stone staircase leading down, spattered with blood here.
The ogre misses you.
Casting: Flame Tongue (safe; 3% risk of failure)
Confirm with . or Enter, or press ? or * to list all spells.
Aiming: Throw Flame (safe; 5% risk of failure)
Press: ? - help, Shift-Dir - straight line, f - ogre
Aim: an ogre, wielding a +0 giant club The puff of flame misses the ogre.
The ogre barely misses you. The ogre closely misses you.
The ogre hits you with a +0 giant club!!
Ouch! That really hurt!
You die...

..............##
...............##
#...............#
#..............##
##............##
#...........## ####
##.........## ###..###
##.......## ###......###
#......## ##.@O.......##
##....#####............##
####......................#
##.(..######...............#
...#### ##................#
.### #........>........#
####### ##........).......#
###...## #................#
#......## ##..............##


You could see an ogre.

Vanquished Creatures
  A big kobold (D:4)
  A worker ant (D:4)
  3 adders (D:3)
  A worm (D:3)
  A dart slug (D:2)
  2 leopard geckos
  5 orcs
  6 goblins
  A hobgoblin (D:1)
  4 jackals
  5 kobolds
  2 quokkas (D:4)
  4 ball pythons
  4 bats
  3 rats (D:3)
43 creatures vanquished.

Notes
Turn   | Place    | Note
-------+----------+-------------------------------------------
     0 | D:1      | Lysie the Hill Orc Fire Elementalist began the quest for
                  | the Orb.
     0 | D:1      | Reached XP level 1. HP: 14/14 MP: 3/3
   575 | D:1      | Reached XP level 2. HP: 20/20 MP: 4/4
   579 | D:1      | Learned a level 2 spell: Throw Flame
  2085 | D:3      | Reached skill level 4 in Fire Magic
  2085 | D:3      | Reached XP level 3. HP: 26/26 MP: 0/5
  2912 | D:3      | Reached XP level 4. HP: 17/33 MP: 1/6
  3879 | D:4      | Found Gorashryboi's Weapon Emporium.
  3893 | D:4      | Found a staircase to the Ecumenical Temple.
  3973 | Temple   | Entered the Ecumenical Temple
  4181 | Temple   | Became a worshipper of Vehumet
  4348 | D:4      | Noticed a big kobold
  4384 | D:5      | Entered Level 5 of the Dungeon
  4548 | D:4      | Killed a big kobold
  4548 | D:4      | Reached skill level 5 in Fire Magic
  4548 | D:4      | Reached XP level 5. HP: 8/38 MP: 1/7
  4788 | D:4      | Noticed an ogre
  4913 | D:4      | Slain by an ogre

Skill      XL: |  1  2  3  4 |
---------------+-------------+-----
Conjurations   | 2 3 |  3.7
Fire Magic     | 4 5 |  5.2
Dodging        | |  1.5
Stealth        | |  1.5
Spellcasting   | |  1.5

Action                   |  1- 3 |  4- 6 || total
-------------------------+-------+-------++-------
Melee: Club              |    14 |       ||    14
       Unarmed           |     3 |       ||     3
       Dagger            |    70 |    70 ||   140
 Cast: Flame Tongue      |    18 |    15 ||    33
       Throw Flame       |    24 |     9 ||    33
Evoke: Wand              |       |     1 ||     1
  Use: Scroll            |     3 |     1 ||     4
       Potion            |     2 |     2 ||     4
 Stab: Sleeping          |     4 |       ||     4
  Eat: Ration            |     2 |     3 ||     5
       Chunk             |       |     1 ||     1
Armor: Robe              |    19 |    20 ||    39
Dodge: Dodged            |    70 |    69 ||   139
